 Dungeon Crawl Stone Soup version 0.31-a0-845-g9abc20d24f (webtiles) character file.

Game seed: 11286000400809259188

217 CowFu the Spear-Bearer (level 5, -1/38 HPs)
             Began as a Merfolk Gladiator on Oct 2, 2023.
             Slain by a gnoll
             ... wielding a +0 spear
              (4 damage)
             ... on level 3 of the Dungeon.
             The game lasted 00:03:41 (2398 turns).

CowFu the Spear-Bearer (Merfolk Gladiator)          Turns: 2398, Time: 00:03:41

Health: -1/38      AC:  6    Str: 14 (16) XL:     5   Next: 94%
Magic:  5/5        EV: 13    Int:  4 (7)  God:
Gold:   66         SH:  0    Dex: 13 (16) Spells: 4/4 levels left

rFire   . . .        g - +4 quarterstaff
rCold   . . .        (shield currently unavailable)
rNeg    . . .        b - +0 leather armour
rPois   .            c - +0 helmet
rElec   .            (no cloak)
rCorr   .            i - +1 pair of gloves
SInv    .            (no boots)
Will    +....        (no amulet)
Stlth   +            (no ring)
HPRegen 0.26/turn    (no ring)
MPRegen 0.09/turn

%: no passive effects
@: mighty, enlightened, flying, hasted, very quick
A: (nimble swimmer 2), mertail
a: no special abilities


You were on level 3 of the Dungeon.
You visited 1 branch of the dungeon, and saw 3 of its levels.

You collected 66 gold pieces.

Inventory:

Hand Weapons
 a - a +0 trident
 g - a +4 quarterstaff (weapon)
Missiles
 d - 3 throwing nets (quivered)
 e - 6 javelins
Armour
 b - a +0 leather armour (worn)
 c - a +0 helmet (worn)
 i - a +1 pair of gloves (worn)
Jewellery
 h - a +6 ring of strength
 u - a ring of magical power
Talismans
 t - a maw talisman
 v - a flux talisman
Wands
 j - a wand of flame (18)
Scrolls
 f - a scroll of identify {unknown}
 l - a scroll of teleportation
 n - a scroll of enchant armour {unknown}
 o - a scroll of fog {unknown}
 p - 2 scrolls of immolation {unknown}
 s - a scroll of vulnerability {unknown}
 w - a scroll of enchant weapon {unknown}
Potions
 x - a potion of magic {unknown}


   Skills:
 - Level 2.1 Fighting
 + Level 8.5 Polearms
 - Level 2.0 Throwing
 - Level 4.0 Dodging


You had 4 spell levels left.
You didn't know any spells.
Your spell library was empty.

Dungeon Overview and Level Annotations

Branches:
Dungeon (3/15)

Altars:


Innate Abilities, Weirdness & Mutations

((You are very nimble when in or above water. (Stealth+, EV+, Speed+++)))
Your lower body shifts to a powerful aquatic tail in water.


Message History

There is an open door, spattered with blood here.
Items here: )))) ††.
You close the door, pushing everything out of the way.
You see here a +0 club.
A goblin opens the door.
You close the door.
A goblin opens the door.
You sock the goblin!
You kill the goblin!
The gnoll hits you but does no damage.
You hit the goblin.
You kill the goblin!
The gnoll barely misses you.
You sock the hobgoblin!
You kill the hobgoblin!
The gnoll misses you.
You hit the hobgoblin.
The hobgoblin is heavily wounded.
The gnoll hits you from afar with a +0 spear.
* * * LOW HITPOINT WARNING * * *
The hobgoblin hits you with a +0 club.
* * * LOW HITPOINT WARNING * * *
You thump the hobgoblin!
You kill the hobgoblin!
The gnoll hits you from afar with a +0 spear.
* * * LOW HITPOINT WARNING * * *
The goblin hits you but does no damage.
It was a potion of degeneration.
There was something very wrong with that liquid.
You feel weakened.
You feel dopey.
You feel clumsy. The gnoll closely misses you. The goblin barely misses you.
It was a potion of enlightenment.
You feel very buoyant.
You fly up into the air.
The gnoll hits you but does no damage. The goblin closely misses you.
It was a potion of might.
You feel very mighty all of a sudden. The gnoll misses you.
The goblin closely misses you.
It was a potion of haste.
You feel yourself speed up.
The gnoll hits you from afar with a +0 spear.
You die...

~~~≈≈~~~~~~~~~~≈~~~~≈~~~~~~~~~~≈~
~≈≈≈≈≈≈≈≈≈≈≈≈≈≈≈≈≈≈≈≈~≈≈≈≈≈≈≈≈≈≈≈
~≈≈≈≈≈≈≈≈≈≈≈≈≈≈≈≈≈≈≈≈≈~≈#####≈≈≈≈
#########################...#≈≈≈≈
......)#.....## ##......#...#≈≈≈≈
......)'......###.......#...#≈≈≈≈
########.......#........##'##≈≈≈≈
#)............†#)..........#≈≈≈≈≈
).............gg@.)........#≈≈≈≈≈
#.............)#....)....).#≈≈≈≈≈
########.......#........##)##≈≈≈≈
.......)).....###.......#..g#≈≈≈≈
.......#.....## ##......#...#≈≈≈≈
#########################...#≈≈≈≈
≈≈≈≈≈≈≈≈≈≈≈≈≈≈≈≈≈≈≈≈≈≈≈≈#####≈≈≈≈
≈≈≈≈≈≈≈≈≈≈≈≈≈≈≈≈≈≈≈≈≈≈≈≈≈≈≈≈≈≈###
≈≈≈≈≈≈≈≈≈≈≈≈≈≈≈≈≈≈≈≈≈≈≈########


You could see a gnoll and a goblin.

Vanquished Creatures
  A hound (D:2)
  Jessica (D:2)
  4 gnolls (D:3)
  3 worms
  3 dart slugs
  3 orcs (D:3)
  2 ball pythons (D:1)
  6 bats
  8 endoplasms
  3 giant cockroaches
  17 goblins
  22 hobgoblins
  5 kobolds
  8 quokkas
  3 frilled lizards
  5 rats
94 creatures vanquished.

Notes
Turn   | Place    | Note
-------+----------+-------------------------------------------
     0 | D:1      | CowFu the Merfolk Gladiator began the quest for the Orb.
     0 | D:1      | Reached XP level 1. HP: 16/16 MP: 1/1
   111 | D:1      | Reached XP level 2. HP: 22/22 MP: 2/2
   185 | D:1      | Reached skill level 5 in Polearms
   249 | D:1      | Reached XP level 3. HP: 27/27 MP: 3/3
   719 | D:2      | Reached skill level 6 in Polearms
   808 | D:2      | Reached XP level 4. HP: 32/33 MP: 4/4
   868 | D:2      | Noticed Jessica
   873 | D:2      | Killed Jessica
   874 | D:2      | Reached skill level 7 in Polearms
  1362 | D:3      | Reached XP level 5. HP: 38/38 MP: 5/5
  2076 | D:3      | Reached skill level 8 in Polearms
  2398 | D:3      | Slain by a gnoll

Illustrated notes

Levels and vault maps discovered:
D:1:      matt_arrival_refuge, layout_rooms, nicolae_the_louvre
D:2:      layout_basic, st_stairs_3, kennysheep_jessica_study
D:3:      minmay_goblin_kobold_castle, layout_basic

Skill      XL: |  1  2  3  4  5 |
---------------+----------------+-----
Polearms       | 5 6 7 8 |  8.5
Fighting       | |  2.1
Throwing       | |  2.0
Dodging        | |  4.0

Action                     |  1- 3 |  4- 6 || total
---------------------------+-------+-------++-------
  Melee: Trident           |    52 |       ||    52
         Quarterstaff      |    33 |   120 ||   153
    Use: Potion            |       |     4 ||     4
         Scroll            |       |     1 ||     1
   Stab: Sleeping          |     4 |     1 ||     5
 Armour: Leather armour    |    36 |   106 ||   142
  Dodge: Dodged            |    47 |   111 ||   158

Table legend: (Time is in decaauts)
 A = Elapsed time spent in this place.
 B = Non-inter-level travel time spent in this place.
 C = Inter-level travel time spent in this place.
 D = Time resting spent in this place.
 E = Time spent auto-exploring this place.
 F = Levels seen in this place.
 G = Mean time per level.
                   A        B        C        D        E       F      G
               +--------+--------+--------+--------+--------+-----+--------+
         Total |   2375 |   2328 |     47 |      0 |   1780 |   3 |  791.7 |
       Dungeon |   2375 |   2328 |     47 |      0 |   1780 |   3 |  791.7 |
               +--------+--------+--------+--------+--------+-----+--------+

Top non-repeatable levels by time:
     D:3: 1019 daAuts
     D:2: 790 daAuts
     D:1: 564 daAuts
